 Dungeon Crawl Stone Soup version 0.24.0-13-gcf9b3192b9 (webtiles) character file.

Game seed: 8400235890530403780, levelgen mode: deterministic

6349 Aviak the Pandemonic (level 10, -5/94 HPs)
             Began as a Deep Dwarf Fighter on Nov 9, 2019.
             Was a High Priest of Makhleb.
             Killed from afar by Josephine (26 damage)
             ... with a ghostly fireball
             ... on level 10 of the Dungeon.
             The game lasted 00:07:15 (6082 turns).

Aviak the Pandemonic (Deep Dwarf Fighter)           Turns: 6082, Time: 00:07:16

Health: -5/94      AC: 12    Str: 23    XL:     10   Next: 65%
Magic:  10/10      EV:  5    Int:  9    God:    Makhleb [*****.]
Gold:   332        SH: 10    Dex: 12    Spells: 9/9 levels left

rFire    + + .     SeeInvis +   B - +2 broad axe of Iconoclasm {freeze, *Drain rF++ SInv}
rCold    . . .     Gourm    .   c - +0 shield
rNeg     . . .     Faith    .   G - +0 chain mail
rPois    .         Spirit   .   (no helmet)
rElec    .         Reflect  .   (no cloak)
rCorr    +         Harm     .   h - +0 pair of gloves
MR       +....                  K - +1 pair of boots
Stlth    ..........             (no amulet)
HPRegen  0.00/turn              s - ring of resist corrosion
MPRegen  0.12/turn              (no ring)

@: non-regenerating, slowed, very heavily drained, very slow
A: damage resistance, heal wounds, sense surroundings 2, no regeneration
a: Heal Wounds, Minor Destruction, Lesser Servant of Makhleb, Major Destruction,
Greater Servant of Makhleb, Renounce Religion


You were on level 10 of the Dungeon.
You worshipped Makhleb.
Makhleb was extremely pleased with you.
You were hungry.

You visited 1 branch of the dungeon, and saw 10 of its levels.
You also visited: Ossuary.

You collected 557 gold pieces.
You spent 225 gold pieces at shops.

Inventory:

Hand Weapons
 a - a +0 war axe
 B - the +2 broad axe of Iconoclasm (weapon) {freeze, *Drain rF++ SInv}
   (You bought it in a shop on level 5 of the Dungeon)

   It has been specially enchanted to freeze those struck by it, causing extra
   injury to most foes and up to half again as much damage against particularly
   susceptible opponents.
   It can also slow down cold-blooded creatures.
   It greatly protects you from fire.
   It lets you see invisible.
   It causes draining when unequipped.
Armour
 b - a +0 scale mail
 c - a +0 shield (worn)
 h - a +0 pair of gloves (worn)
 G - a +0 chain mail (worn)
 K - a +1 pair of boots (worn)
Jewellery
 k - a cursed amulet of inaccuracy {unknown}
 s - a ring of resist corrosion (left hand)
 u - an uncursed amulet of regeneration {unknown}
 L - an uncursed amulet of the acrobat {unknown}
 O - an uncursed ring of wizardry
Wands
 A - a wand of digging (5)
 H - a wand of enslavement (6)
 J - a wand of flame (16)
 M - a wand of paralysis (12)
Scrolls
 e - 9 scrolls of remove curse {unknown}
 g - 2 scrolls of magic mapping {unknown}
 l - 5 scrolls of identify {unknown}
 m - 2 scrolls of random uselessness {unknown}
 q - 8 scrolls of teleportation {unknown}
 r - 2 scrolls of enchant armour {unknown}
 t - a scroll of fog {unknown}
 v - a scroll of noise {unknown}
 w - a scroll of enchant weapon {unknown}
 y - 3 scrolls of amnesia {unknown}
 D - 3 scrolls of fear {unknown}
 I - a scroll of blinking {unknown}
Potions
 d - a potion of might
 i - 5 potions of curing {unknown}
 j - 3 potions of lignification {unknown}
 n - a potion of resistance {unknown}
 o - 2 potions of haste {unknown}
 p - 2 potions of degeneration {unknown}
 x - a potion of magic {unknown}
 z - 2 potions of heal wounds {unknown}
 C - 3 potions of flight {unknown}
 E - a potion of ambrosia {unknown}
 F - 2 potions of mutation {unknown}
 N - 2 potions of agility {unknown}
 P - a potion of cancellation {unknown}
Comestibles
 f - 15 rations


   Skills:
 + Level 7.2(2.7) Fighting
 + Level 8.4(3.7) Axes
 + Level 8.8(4.0) Armour
 + Level 8.8(4.0) Shields
 + Level 8.9(4.2) Invocations


You had 9 spell levels left.
You didn't know any spells.
Your spell library contained the following spells:

 Spells                   Type           Power        Failure   Level  Hunger
 Beastly Appendage        Tmut           #.....       100%        1    ##.....
 Sticks to Snakes         Tmut           #.......     100%        2    ###....
 Spider Form              Tmut/Pois      #.........   100%        3    ####...
 Ice Form                 Ice/Tmut       #.......     100%        4    #####..
 Blade Hands              Tmut           #.........   100%        5    ######.


Dungeon Overview and Level Annotations

Branches:
Dungeon (10/15)            Temple (0/1) D:5         Ossuary (visited)
   Lair: D:8-11         Orc: D:9-12

Altars:
Ashenzari
Dithmenos
Fedhas
Kikubaaqudgha
Makhleb
Nemelex Xobeh
Trog
Uskayaw
Yredelemnul
The Shining One

Shops:
D:5 (

Annotations:
D:3 1 runed translucent door, Ratty's ghost, amateur DENe
D:10 Josephine


Innate Abilities, Weirdness & Mutations

You are resistant to damage.
You can heal yourself by infusing magical energy.
You passively map the area around you.
You do not regenerate.


Message History

Josephine is severely wounded.
Josephine hits you but does no damage.
Josephine gestures at you while chanting.
The ghostly flame explodes!
The ghostly fireball engulfs you!!
You feel drained.
The ghostly fireball engulfs Josephine.
Josephine completely resists.
You barely miss Josephine.
Josephine is heavily wounded.
Josephine hits you but does no damage. You block Josephine's attack.
You barely miss Josephine.
Josephine is heavily wounded.
Josephine is infused with unholy energy.
* * * LOW HITPOINT WARNING * * *
Josephine draws life force from you and is healed!
You block Josephine's attack.
You fail to use your ability.
Josephine hits you but does no damage.
Josephine points at you and mumbles some strange words.
The ghostly flame explodes!
The ghostly fireball engulfs you!!
You feel drained.
You die...

, , <
#####.##############.
,, , #.# #. ,, * ##.#
#. , * #..# ## #.## #
* #.# # #.# # * * #.#
###### , #@# #..... ,
, ** * *#@# * #.....
,, , #..WWW...(.#
#..... , , *
,+...W......# #.....
, #..........+ #.....
* #..........#*
+..... * #.....>....#
#..... * ######'#####
#####' *.# #.


You could see Josephine and 4 wraiths.

Vanquished Creatures
  A two-headed ogre (D:8)
  A manticore (D:7)
  A gargoyle (D:10)
  3 hippogriffs
  A wraith (D:10)
  A yak (D:8)
  3 hungry ghosts
  2 water moccasins
  An ice beast (D:8)
  An orc warrior (D:7)
  A sky beast (D:8)
  A black bear (D:6)
  6 ogres
  3 centaurs
  A big kobold (D:8)
  2 bullfrogs
  A wyvern zombie (D:8)
  A wyvern skeleton (D:7)
  3 scorpions
  A water moccasin skeleton (D:7)
  2 vampire bats (D:6)
  6 wights
  A howler monkey (D:5)
  7 crimson imps
  A centaur zombie (Ossuary)
  A human zombie (Ossuary)
  A jelly (D:7)
  3 hounds
  A gnoll shaman (D:8)
  An orc priest (D:5)
  2 bullfrog skeletons
  6 orc wizards
  3 iguanas
  4 worker ants
  A big kobold zombie (Ossuary)
  2 hound skeletons
  2 mummies (Ossuary)
  10 gnolls
  9 adders
  3 shadow imps
  An adder zombie (Ossuary)
  An adder skeleton (D:7)
  2 worms
  3 dart slugs
  3 leopard geckos
  30 orcs
  2 bat skeletons (D:6)
  3 bat zombies (D:6)
  6 giant cockroaches
  14 goblins
  12 hobgoblins
  28 jackals
  A ball python (D:1)
  6 bats
  11 frilled lizards
  2 goblin zombies (Ossuary)
  16 hobgoblin zombies (Ossuary)
  A jackal zombie (Ossuary)
  10 kobolds
  5 kobold zombies (Ossuary)
  7 orc zombies (Ossuary)
  11 rats
  2 rat zombies (Ossuary)
278 creatures vanquished.

Vanquished Creatures (collateral kills)
  A two-headed ogre (D:8)
  An orc (D:8)
2 creatures vanquished.

Vanquished Creatures (others)
  A kobold (D:3)
1 creature vanquished.

Grand Total: 281 creatures vanquished

Notes
Turn   | Place    | Note
-------+----------+-------------------------------------------
     0 | D:1      | Aviak the Deep Dwarf Fighter began the quest for the Orb.
     0 | D:1      | Reached XP level 1. HP: 20/20 MP: 1/1
    59 | D:1      | Reached XP level 2. HP: 27/27 MP: 2/2
   376 | D:1      | Reached XP level 3. HP: 28/34 MP: 3/3
   829 | D:2      | Reached XP level 4. HP: 27/42 MP: 4/4
  1246 | D:3      | Found a burning altar of Makhleb.
  1270 | D:3      | Became a worshipper of Makhleb the Destroyer
  1345 | D:3      | Reached XP level 5. HP: 30/49 MP: 4/4
  1374 | D:3      | Found a faded altar of an unknown god.
  1527 | D:3      | Found a runed translucent door.
  1527 | D:3      | Noticed Ratty's ghost (amateur DENe)
  1580 | D:3      | Found a hide-covered altar of Uskayaw.
  1602 | D:3      | Reached * piety under Makhleb
  1764 | D:4      | Reached skill level 1 in Invocations
  2215 | D:5      | Entered Level 5 of the Dungeon
  2216 | D:5      | Noticed an ogre
  2232 | D:5      | Killed an ogre
  2232 | D:5      | Reached XP level 6. HP: 28/57 MP: 5/5
  2489 | D:5      | Found a bloodstained altar of Trog.
  2557 | D:5      | Reached skill level 5 in Armour
  2565 | D:5      | Found a staircase to the Ecumenical Temple.
  2651 | D:5      | Found Goiw's Antique Weapon Shoppe.
  2662 | D:5      | Reached skill level 5 in Shields
  2662 | D:5      | Reached XP level 7. HP: 40/64 MP: 7/7
  2672 | D:5      | Bought a blackened broad axe for 225 gold pieces
  2672 | D:5      | Identified the +2 broad axe of Iconoclasm {freeze, *Drain
                  | rF++ SInv} (You bought it in a shop on level 5 of the
                  | Dungeon)
  3465 | D:6      | Found a bloodstained altar of Trog.
  3465 | D:6      | Found a sparkling altar of Nemelex Xobeh.
  3465 | D:6      | Found a shadowy altar of Dithmenos.
  3465 | D:6      | Found a shattered altar of Ashenzari.
  3485 | D:6      | Reached ** piety under Makhleb
  3485 | D:6      | Reached skill level 5 in Axes
  3492 | D:6      | Found a sand-covered staircase.
  3508 | Ossuary  | Entered an ossuary
  3581 | Ossuary  | Reached XP level 8. HP: 65/73 MP: 8/8
  3585 | Ossuary  | Reached *** piety under Makhleb
  3778 | D:6      | Reached skill level 5 in Fighting
  3808 | D:6      | Reached skill level 5 in Invocations
  3933 | D:6      | Found an ancient bone altar of Kikubaaqudgha.
  4247 | D:7      | Reached **** piety under Makhleb
  4321 | D:7      | Gained mutation: You passively map the area around you.
                  | [Deep Dwarf growth]
  4321 | D:7      | Reached XP level 9. HP: 69/81 MP: 10/10
  4332 | D:7      | Noticed a manticore
  4348 | D:7      | Killed a manticore
  4750 | D:7      | Found a blossoming altar of Fedhas.
  5045 | D:8      | Found a glowing golden altar of the Shining One.
  5263 | D:8      | Noticed a two-headed ogre
  5270 | D:8      | Killed a two-headed ogre
  5270 | D:8      | Reached XP level 10. HP: 91/92 MP: 11/11
  5405 | D:8      | Noticed a two-headed ogre
  5411 | D:8      | Killed a two-headed ogre
  5493 | D:8      | Found a basalt altar of Yredelemnul.
  5724 | D:9      | Reached ***** piety under Makhleb
  5884 | D:10     | Entered Level 10 of the Dungeon
  5892 | D:10     | Noticed a gargoyle
  5905 | D:10     | Killed a gargoyle
  6055 | D:10     | Noticed Josephine
  6082 | D:10     | Killed from afar by Josephine

Levels and vault maps discovered:
D:1:      shiori_arrival_maze, layout_loops_ring, kennysheep_boxes
D:2:      layout_loops_ring, minmay_lizard_pond
D:3:      layout_basic, lemuel_doored_altar, overflow_temple_1_default,
          gammafunk_ghost_grave, serial_curves, eino_curves_04, eino_curves_04,
          first_ration, chequers_ecumenical_altar_simple_redux
D:4:      layout_rooms, minmay_goblin_kobold_house
D:5:      layout_layer_cave, minmay_temple_entry_statues_pillars, serial_shops,
          kennysheep_little_box, trog_three_pillars_becter
D:6:      layout_rooms, chequers_temple_overflow_statue_of_worship,
          kennysheep_vampire_church, enter_ossuary_1
D:7:      minmay_chambers_of_sixes, layout_loops_ring, basic_altar
D:8:      kennysheep_spiral_hall, layout_basic, grunt_temple_overflow_holy_war,
          serial_glass, glass_columns_c, glass_columns_b
D:9:      wander_kiku_kobolds, layout_cross
D:10:     layout_roguey, uniq_josephine

Skill      XL: |  1  2  3  4  5  6  7  8  9 10 |
---------------+-------------------------------+-----
Fighting       | 3 4 5 6 7 |  7.2
Axes           | 3 4 5 6 7 8 |  8.4
Armour         | 4 5 6 8 |  8.8
Shields        | 4 5 6 8 |  8.8
Invocations    | 2 4 5 7 8 |  8.9

Action                   |  1- 3 |  4- 6 |  7- 9 | 10-12 || total
-------------------------+-------+-------+-------+-------++-------
Melee: War axe           |   125 |   229 |     4 |       ||   358
       Broad axe         |       |       |   298 |    84 ||   382
Invok: Lesser Servant of |       |       |     1 |     1 ||     2
       Minor Destruction |       |       |       |     7 ||     7
 Abil: Heal Wounds       |       |     6 |     3 |     4 ||    13
 Stab: Distracted        |       |       |       |     1 ||     1
  Eat: Chunk             |       |     6 |     6 |     3 ||    15
       Ration            |       |       |     3 |       ||     3
Armor: Scale mail        |    56 |   162 |    79 |       ||   297
       Chain mail        |       |       |    78 |    45 ||   123
Dodge: Dodged            |    34 |   114 |    94 |    37 ||   279
Block: Shield            |    64 |   176 |   203 |    69 ||   512
